 Dungeon Crawl Stone Soup version 0.15-a0-94-g674142f (webtiles) character file.

398 Duskembrace the Cudgeler (level 6, 0/37 HPs)
             Began as a Gargoyle Berserker on Apr 9, 2014.
             Was a Believer of Trog.
             Slain by an ogre
             ... wielding a +0,+0 giant spiked club
              (25 damage)
             ... on Level 4 of the Dungeon.
             The game lasted 00:10:35 (2006 turns).

Duskembrace the Cudgeler (Gargoyle Berserker)       Turns: 2006, Time: 00:10:36

HP   0/37        AC 17     Str 22      XL: 6   Next: 15%
MP   6/6         EV  7     Int 11      God: Trog [**....]
Gold 143         SH  0     Dex 10      Spells:  0 memorised,  5 levels left

rFire  . . .     SeeInvis .     a - +0 mace
rCold  . . .     Clarity  .     q - +2 chain mail
rNeg   + . .     Conserve .     (no shield)
rPois  +         rCorr    .     (no helmet)
rElec  +         rRot     +     r - +0 cloak (curse)
SustAb . .       Spirit   .     E - +0 pair of gloves
rMut   .         Warding  .     (no boots)
Saprov . . .     Stasis   .     (no amulet)
MR     .....                    (no ring)
                                g - +4 ring of intelligence

@: not resistant to hostile enchantments, extremely unstealthy
A: life protection 1, electricity resistance, unbreathing, petrification
resistance, AC +4
a: Burn Spellbooks, Berserk, Trog's Hand, Renounce Religion


You were on level 4 of the Dungeon.
You worshipped Trog.
Trog was pleased with you.
You were hungry.

You visited 1 branch of the dungeon, and saw 4 of its levels.

You collected 143 gold pieces.

Inventory:

Hand weapons
 a - a +0,+0 mace (weapon)
Missiles
 o - 8 tomahawks (quivered)
 K - 23 darts
Armour
 b - a +0 animal skin
 e - a +0 leather armour
 h - a cursed -2 pair of gloves
 j - a +0 pair of gloves
 l - a +0 pair of gloves
 q - a +2 chain mail (worn)
 r - a cursed +0 cloak (worn)
 v - a +0 scale mail
 E - a +0 pair of gloves (worn)
Magical devices
 H - a wand of frost (15) {unknown}
 L - a wand of flame (9) {unknown}
Comestibles
 c - 2 bread rations
 n - a rambutan
 B - an orange
 D - a meat ration
Scrolls
 y - a scroll of teleportation {unknown}
 z - 2 scrolls of remove curse
 A - a scroll of identify
 C - a scroll of immolation {unknown}
 J - a scroll of magic mapping {unknown}
 M - a scroll of noise {unknown}
Jewellery
 g - a +4 ring of intelligence (left hand)
 F - an uncursed amulet of stasis {unknown}
 G - an uncursed amulet of inaccuracy {unknown}
Potions
 d - a potion of confusion
 f - a potion of brilliance {unknown}
 i - a potion of mutation {unknown}
 k - a potion of degeneration {unknown}
 m - 2 potions of poison {unknown}
 p - a potion of resistance {unknown}
 s - a potion of heal wounds {unknown}
 t - a potion of paralysis
 u - a potion of restore abilities {unknown}
 w - 2 potions of curing {unknown}
 x - a potion of beneficial mutation {unknown}
 I - a potion of agility {unknown}


   Skills:
 - Level 3.4 Fighting
 + Level 7.0 Maces & Flails
 - Level 2.4 Armour
 - Level 1.9 Dodging


You had 5 spell levels left.
You didn't know any spells.

Dungeon Overview and Level Annotations

Branches:
Dungeon (4/15)
 Temple: D:4-7

Altars:


Innate Abilities, Weirdness & Mutations

You are resistant to torment.
You are immune to poison.
You are immune to rotting.
Your stone body is very resilient (AC +4).
You resist negative energy.
You are resistant to electric shocks.
You can survive without breathing.
You are immune to petrification.


Message History

You finish butchering the giant cockroach corpse.
L - a chunk of giant cockroach flesh You feel less exhausted.
Eat a chunk of giant cockroach flesh? (ye/n/q/i?) This raw flesh tastes terrible.
You are feeling hungry.
You continue eating. x2
L - an ivory wand
M - a scroll labeled GHOUMY CEASYQA
Found a scroll of identify.
An ogre comes into view. It is wielding a giant spiked club.
The ogre shouts!
An adder comes into view.
Found a war axe.
A scorpion comes into view.
You hit the ogre.
The ogre is lightly wounded.
The ogre hits you with a giant spiked club!
Ouch! That really hurt!
You die...

..... #..........
.)........K..
...............
#...#.....s....
#...#..........
#..................
#.?.OS..............
#...@...............
.#..................#
......................##
....................###.
..#.....................
#...<.................
#.....................
.#.....................
........................


You could see an ogre, a scorpion, an adder and a kobold (wandering).

Vanquished Creatures
  An ogre (D:4)
  A giant frog (D:3)
  A worker ant (D:4)
  2 adders (D:3)
  2 worms (D:3)
  A giant gecko (D:3)
  4 orcs (D:3)
  3 bats
  3 giant cockroaches
  4 hobgoblins
  An ooze (D:1)
  2 quokkas
  A giant newt (D:1)
  3 goblins
  A goblin skeleton (D:4)
  A hobgoblin skeleton (D:4)
  12 kobolds
  4 rats
  A rat skeleton (D:4)
48 creatures vanquished.

Notes
Turn   | Place    | Note
--------------------------------------------------------------
     0 | D:1      | Duskembrace, the Gargoyle Berserker, began the quest for the Orb.
     0 | D:1      | Reached XP level 1. HP: 14/14 MP: 1/1
   242 | D:1      | Reached XP level 2. HP: 19/19 MP: 2/2
  1044 | D:3      | Noticed a giant frog
  1061 | D:3      | Killed a giant frog
  1061 | D:3      | Reached skill level 5 in Maces & Flails
  1061 | D:3      | Reached XP level 3. HP: 14/23 MP: 3/3
  1061 | D:3      | Reached XP level 4. HP: 17/28 MP: 4/4
  1102 | D:3      | Acquired Trog's second power
  1360 | D:3      | Reached XP level 5. HP: 32/32 MP: 5/5
  1838 | D:4      | Reached skill level 6 in Maces & Flails
  1923 | D:4      | Noticed an ogre
  1934 | D:4      | Killed an ogre
  1934 | D:4      | Reached skill level 7 in Maces & Flails
  1934 | D:4      | Reached XP level 6. HP: 26/37 MP: 6/6
  2001 | D:4      | Noticed an ogre
  2006 | D:4      | Slain by an ogre

Action                   |  1- 3 |  4- 6 || total
-------------------------+-------+-------++-------
Melee: Mace              |    63 |   103 ||   166
Invok: Berserk           |       |     1 ||     1
  Use: Scroll            |     2 |       ||     2
